 Dungeon Crawl Stone Soup version 0.26-a0-670-g578ab304f5 (webtiles) character file.

Game seed: 801977915570228143

113 Hypoxia the Sneak (level 4, 0/40 HPs)
             Began as a Deep Dwarf Delver on Oct 19, 2020.
             Was an Initiate of Makhleb.
             Slain by a howler monkey (6 damage)
             ... on level 4 of the Dungeon.
             The game lasted 00:09:24 (198 turns).

Hypoxia the Sneak (Deep Dwarf Delver)                Turns: 198, Time: 00:09:25

Health: 0/40       AC:  3    Str: 21    XL:     4   Next: 65%
Magic:  4/4        EV: 12    Int: 10    God:    Makhleb [......]
Gold:   12         SH:  0    Dex: 18    Spells: 3/3 levels left

rFire    x . .     SeeInvis .   a - +0 hand axe
rCold    + . .     Faith    .   (no shield)
rNeg     . . .     Spirit   .   b - +0 leather armour
rPois    .         Reflect  .   (no helmet)
rElec    .         Harm     .   (no cloak)
rCorr    .         Rampage  .   (no gloves)
MR       .....                  (no boots)
Stlth    +.........             (no amulet)
HPRegen  0.00/turn              d - ring "Dixef" {Ice +Inv Str+4 Dex+4 Slay+3}
MPRegen  0.09/turn              (no ring)

@: confused, non-regenerating
A: damage resistance, heal wounds, sense surroundings 1, no regeneration
a: Heal Wounds, Renounce Religion, Evoke Invisibility


You were on level 4 of the Dungeon.
You worshipped Makhleb.
Makhleb was noncommittal.
You visited 2 branches of the dungeon, and saw 4 of its levels.

You collected 12 gold pieces.

Inventory:

Hand Weapons
 a - a +0 hand axe (weapon)
 g - a +2 flail of protection
Armour
 b - a +0 leather armour (worn)
Jewellery
 d - the ring "Dixef" (left hand) {Ice +Inv Str+4 Dex+4 Slay+3}
   (You found it on level 6 of the Dungeon)

   [ring of ice]

   It enhances your ice magic.
   It affects your strength (+4).
   It affects your dexterity (+4).
   It affects your accuracy and damage with ranged weapons and melee attacks
   (+3).
   It makes you vulnerable to fire.
   It protects you from cold.
   It lets you turn invisible.
Wands
 D - a wand of digging (9)
Scrolls
 c - a scroll of fog
 e - a scroll of fear
 f - a scroll of identify {unknown}
 M - a scroll of magic mapping
Potions
 H - a potion of haste {@q3}


   Skills:
 - Level 2.6 Fighting
 + Level 5.4 Axes
 - Level 2.1 Dodging
 - Level 6.0 Stealth


You had 3 spell levels left.
You didn't know any spells.
Your spell library was empty.

Dungeon Overview and Level Annotations

Branches:
Dungeon (6/15)             Temple (1/1) D:5

Altars:
Ashenzari
Cheibriados
Dithmenos
Elyvilon
Fedhas
Gozag
Hepliaklqana
Kikubaaqudgha
Makhleb
Nemelex Xobeh
Okawaru
Qazlal
Ru
Sif Muna
Trog
Uskayaw
Vehumet
Wu Jian
Yredelemnul
Zin
The Shining One

Shops:
D:4 :

Annotations:
D:5 Prince Ribbit


Innate Abilities, Weirdness & Mutations

You are resistant to damage.
You can heal yourself by infusing magical energy.
You passively map a small area around you.
You do not regenerate.


Message History

You hit the orc wizard but do no damage.
The howler monkey hits you but does no damage.
The orc wizard misses you. Something hits you.
* * * LOW HITPOINT WARNING * * *
The phantom closely misses you.
Okay, then.
Unknown command.
Unknown command.
Unknown command.
The orc shouts!
You hit the orc wizard.
The orc wizard is lightly wounded.
You miss something. You barely miss the howler monkey. You miss the phantom.
The orc wizard casts a spell.
The orc wizard blinks!
The howler monkey hits you but does no damage.
Something hits you.
* * * LOW HITPOINT WARNING * * *
The phantom misses you. The howler monkey hits you!
You die...

........ ####.. , ,
###.#...###(..... ,
, ................$
, , ..............#
, , (...##......#(#
, , , ,...,
###.##.>.# ,,
....####...#W.# * *
,
.........W§#.....*
.(......oh@##..#.#
,
.........{.#*#..)..
#...ow..oo.# #..#.#
, #.........<#
#.w.. ##.#....##.#*
**... *
.........#... , *
,o........###.# ,
......... **... , ,
.......... ,,..,, ,
,


You could see a phantom, a worm, a howler monkey, 2 orc wizards and 2 orcs.

Vanquished Creatures
  3 orc wizards
  A dart slug
  4 orcs
  A leopard gecko skeleton
9 creatures vanquished.

Vanquished Creatures (others)
  An orc wizard
1 creature vanquished.

Grand Total: 10 creatures vanquished

Notes
Turn   | Place    | Note
-------+----------+-------------------------------------------
     0 | D:5      | Hypoxia the Deep Dwarf Delver began the quest for the Orb.
     0 | D:5      | Reached XP level 1. HP: 20/20 MP: 1/1
     3 | D:6      | Got a wavering bone ring
     3 | D:6      | Identified the ring "Dixef" {Ice +Inv Str+4 Dex+4 Slay+3}
                  | (You found it on level 6 of the Dungeon)
     7 | D:5      | Noticed Prince Ribbit
    18 | D:4      | Noticed an orc wizard
    35 | D:4      | Killed an orc wizard
    35 | D:4      | Reached skill level 4 in Axes
    35 | D:4      | Reached XP level 2. HP: 13/27 MP: 2/2
    35 | D:4      | Reached XP level 3. HP: 16/33 MP: 3/3
    40 | D:4      | Found Naodiy's Book Shoppe.
    49 | D:4      | Reached skill level 5 in Axes
    49 | D:4      | Reached XP level 4. HP: 39/40 MP: 1/4
    99 | D:5      | Found a staircase to the Ecumenical Temple.
   105 | Temple   | Entered the Ecumenical Temple
   136 | Temple   | Became a worshipper of Makhleb the Destroyer
   176 | D:4      | Noticed a phantom
   197 | D:4      | HP: 7/40 [something (5)]
   198 | D:4      | Slain by a howler monkey

Illustrated notes

Levels and vault maps discovered:
D:4:      layout_rooms, serial_shops, kennysheep_little_box
D:5:      layout_gridville, minmay_temple_entry_enclosed_plants,
          ebering_ghost_sewer_d, kennysheep_path_1, uniq_prince_ribbit1
D:6:      layout_gridville, okawaru_altar_gauntlet_db
Temple:   nicolae_temple_the_god_donut

Skill      XL: |  1  2  3 |
---------------+----------+-----
Axes           | 4 5 |  5.4
Fighting       | |  2.6
Dodging        | |  2.1
Stealth        | |  6.0

Action                   |  1- 3 |  4- 6 || total
-------------------------+-------+-------++-------
Melee: Hand axe          |    15 |    15 ||    30
 Abil: Heal Wounds       |     1 |     1 ||     2
       Evoke Invisibilit |     1 |       ||     1
 Stab: Invisible         |     4 |     1 ||     5
Armor: Leather armour    |     5 |     3 ||     8
Dodge: Dodged            |    26 |    20 ||    46

Table legend: (Time is in decaauts)
 A = Elapsed time spent in this place.
 B = Non-inter-level travel time spent in this place.
 C = Inter-level travel time spent in this place.
 D = Time resting spent in this place.
 E = Time spent auto-exploring this place.
 F = Levels seen in this place.
 G = Mean time per level.
                   A        B        C        D        E       F      G
               +--------+--------+--------+--------+--------+-----+--------+
         Total |    226 |    226 |      0 |      0 |      0 |   4 |   56.5 |
       Dungeon |    168 |    168 |      0 |      0 |      0 |   3 |   56.0 |
        Temple |     57 |     57 |      0 |      0 |      0 |   1 |   57.0 |
               +--------+--------+--------+--------+--------+-----+--------+

Top non-repeatable levels by time:
     D:4: 110 daAuts
  Temple: 57 daAuts
     D:5: 54 daAuts
     D:6: 4 daAuts
